 Dungeon Crawl Stone Soup version 0.24-a0-725-gf1a930fc54 (webtiles) character file.

Game seed: 14107218982226587146, levelgen mode: deterministic

1683 MalarOregon the Skirmisher (level 8, 0/73 HPs)
             Began as a Grey Draconian Conjurer on Oct 1, 2019.
             Was a Follower of Okawaru.
             Slain by Harold
             ... wielding a +0 glaive
              (3 damage)
             ... on level 7 of the Dungeon.
             The game lasted 00:13:40 (9128 turns).

MalarOregon the Skirmisher (DrCj)                   Turns: 9128, Time: 00:13:41

Health: 0/73       AC: 11    Str: 10    XL:     8   Next: 71%
Magic:  13/15      EV: 14    Int: 19    God:    Okawaru [*.....]
Gold:   391        SH:  0    Dex: 14    Spells: 14/16 levels left

rFire    + . .     SeeInvis .   m - +0 scythe
rCold    . . .     Gourm    .   (shield currently unavailable)
rNeg     . . .     Faith    .   (armour unavailable)
rPois    .         Spirit   .   (helmet restricted)
rElec    .         Reflect  .   (no cloak)
rCorr    .         Harm     .   (no gloves)
MR       .....                  (no boots)
Stlth    ++........             (no amulet)
HPRegen  0.22/turn              o - +3 ring of dexterity
MPRegen  0.14/turn              i - ring of protection from fire

@: confusing touch, marked
A: walk through water, unfitting armour, unbreathing, cold-blooded, AC +11
a: Heroism, Renounce Religion


You were on level 7 of the Dungeon.
You worshipped Okawaru.
Okawaru was aware of your devotion.
You were hungry.

You visited 2 branches of the dungeon, and saw 8 of its levels.

You collected 391 gold pieces.

Inventory:

Hand Weapons
 m - a +0 scythe (weapon)
   (You took it off Sigmund on level 6 of the Dungeon)
Missiles
 r - a throwing net (quivered) {!f}
Jewellery
 d - an uncursed amulet of the gourmand {unknown}
   (You found it on level 4 of the Dungeon)
 i - a ring of protection from fire (right hand)
   (You found it on level 7 of the Dungeon)
 o - a +3 ring of dexterity (left hand)
   (You found it on level 4 of the Dungeon)
 p - an uncursed amulet of harm {unknown}
   (You found it on level 3 of the Dungeon)
 x - an uncursed ring of protection from cold {unknown}
   (You found it on level 7 of the Dungeon)
 y - an uncursed amulet of guardian spirit {unknown}
   (You found it on level 7 of the Dungeon)
Scrolls
 a - 3 scrolls of enchant armour
 g - 7 scrolls of identify {@r1}
 h - 2 scrolls of amnesia
 j - 2 scrolls of fog {unknown}
 l - 2 scrolls of remove curse {@r2}
 n - 2 scrolls of teleportation {@r4}
 s - a scroll of acquirement {unknown}
 t - a scroll of enchant weapon {unknown}
 u - a scroll of immolation {unknown}
 v - a scroll of fear
Potions
 c - 4 potions of flight {unknown}
 f - 4 potions of resistance
 k - a potion of haste {unknown}
 q - 3 potions of brilliance {unknown}
Comestibles
 e - 14 rations {!d}


   Skills:
 * Level 7.4 Fighting
 * Level 2.2 Polearms
 + Level 4.8 Dodging
 - Level 1.7 Stealth
 + Level 4.7 Spellcasting
 + Level 6.2 Conjurations


You had 14 spell levels left.
You knew the following spells:

 Your Spells              Type           Power        Failure   Level  Hunger
a - Magic Dart            Conj           ####         1%          1    None
q - Confusing Touch       Hex            #.....       13%         1    None

Your spell library contained the following spells:

 Spells                   Type           Power        Failure   Level  Hunger
 Searing Ray              Conj           ####..       1%          2    #......
 Iskenderun's Mystic Bla  Conj           ####....     10%         4    ####...
 Dazzling Spray           Conj/Hex       ###...       11%         3    ##.....
 Animate Skeleton         Necr           N/A          13%         1    None
 Apportation              Tloc           #.....       13%         1    None
 Summon Small Mammal      Summ           #...         13%         1    None
 Force Lance              Conj/Tloc      ###.....     34%         4    ####...
 Fulminant Prism          Conj/Hex       ###.......   34%         4    ####...


Dungeon Overview and Level Annotations

Branches:
Dungeon (7/15)             Temple (1/1) D:5

Altars:
Ashenzari
Cheibriados
Dithmenos
Elyvilon
Gozag
Hepliaklqana
Makhleb
Nemelex Xobeh
Okawaru
Qazlal
Ru
Sif Muna
Trog
Uskayaw
Vehumet
Wu Jian
Xom
Yredelemnul
Zin
The Shining One

Shops:
D:4 (

Annotations:
D:7 Harold


Innate Abilities, Weirdness & Mutations

You can walk through water.
Your dull iron-grey scales are very hard. (AC +11)
You cannot fit into any form of body armour.
You can survive without breathing.
You are cold-blooded and may be slowed by cold attacks.


Message History

The throwing net hits you.
You become entangled in the net!
Aim: Harold, wielding a +0 glaive and wearing a +0 scale mail (lightly wounded)
The magic dart hits Harold but does no damage.
You tear a large gash into the net.
You shred the net and break free! Harold gestures at you while chanting.
The harpoon shot misses you.
Aim: Harold, wielding a +0 glaive and wearing a +0 scale mail (lightly wounded)
The magic dart hits Harold.
Harold points at you and mumbles some strange words.
The harpoon shot misses you.
Your hands begin to glow red.
Harold throws a throwing net.
The throwing net hits you.
You become entangled in the net!
You struggle against the net.
Harold gestures at you while chanting. The harpoon shot hits you!
You are yanked forward by the harpoon shot.
Found a ration.
You closely miss Harold. Harold hits you but does no damage.
Harold hits you with a +0 glaive!
You hit Harold but do no damage. Harold casts a spell at you.
A sentinel's mark forms upon you.
You hit Harold but do no damage.
Harold appears confused.
Harold hits you with a +0 glaive!
Harold wonders, "What am I doing in here?"
You barely miss Harold. Harold barely misses you.
You hit Harold. You hit Harold but do no damage.
You tail-slap Harold, but do no damage.
Harold seems less confused.
Harold barely misses you. Harold closely misses you.
You hit Harold.
Harold says, "Do you have any idea what people are willing to pay to have you killed, MalarOregon?"
Harold casts a spell at you. The mark upon you grows brighter.
Aim: Harold, wielding a +0 glaive and wearing a +0 scale mail (lightly wounded)
Okay, then.
Your hands begin to glow red.
Harold gestures at you while chanting. The mark upon you grows brighter.
You hit Harold but do no damage. You tail-slap Harold, but do no damage.
Harold hits you with a +0 glaive. Harold hits you with a +0 glaive!
You hit Harold but do no damage. Harold hits you with a +0 glaive!!
* * * LOW HITPOINT WARNING * * *
Harold hits you from afar with a +0 glaive!
* * * LOW HITPOINT WARNING * * *
As you read the scroll of magic mapping, it crumbles to dust.
You feel aware of your surroundings.
Harold hits you from afar with a +0 glaive.
You die...

*,* #.## *,#** #..## *,.,*
######..# **#.* #...###.##
#.# #.....#..##
#.#####.##.##..)
#########...###......###
##.....#......###........
*#...%.@.@...(.###........
*.......>.................
*...............##........
*...............##........
*...............##........
*...............##........
*#..........<.............
##.....#.....####........
******######* #........


You could see Harold.

Vanquished Creatures
  Sigmund (D:6)
  An ice beast (D:4)
  An orc warrior (D:6)
  3 ogres
  A bullfrog (D:6)
  2 scorpions
  A howler monkey (D:4)
  A crimson imp (D:5)
  A bullfrog zombie (D:5)
  A hound (D:6)
  An orc priest (D:7)
  A centaur skeleton (D:4)
  2 jellies
  A gnoll shaman (D:4)
  2 orc wizards
  11 worker ants
  2 iguanas (D:6)
  A hound zombie (D:5)
  11 gnolls
  8 adders
  A shadow imp (D:5)
  An ooze (D:1)
  An adder skeleton (D:4)
  3 worms (D:2)
  2 dart slugs
  5 leopard geckos
  11 orcs
  3 ball pythons
  10 bats
  3 giant cockroaches
  8 hobgoblins
  4 quokkas
  6 frilled lizards
  6 goblins
  7 kobolds
  A leopard gecko skeleton (D:5)
  A leopard gecko zombie (D:5)
  7 rats
133 creatures vanquished.

Notes
Turn   | Place    | Note
-------+----------+-------------------------------------------
     0 | D:1      | MalarOregon the Draconian Conjurer began the quest for the
                  | Orb.
     0 | D:1      | Reached XP level 1. HP: 14/14 MP: 3/3
   163 | D:1      | Reached skill level 1 in Fighting
   213 | D:1      | Reached XP level 2. HP: 23/23 MP: 5/5
   793 | D:1      | Reached XP level 3. HP: 29/29 MP: 4/6
  1030 | D:2      | Reached skill level 2 in Fighting
  1995 | D:2      | Learned a level 1 spell: Confusing Touch
  2137 | D:2      | Noticed an ogre
  2146 | D:2      | Reached XP level 4. HP: 37/37 MP: 4/7
  2148 | D:2      | Killed an ogre
  2148 | D:2      | Reached skill level 3 in Fighting
  2454 | D:3      | Reached XP level 5. HP: 17/45 MP: 9/9
  2916 | D:3      | You fall into a shaft and drop 1 floor!
  3251 | D:4      | Found Wuthreti's Weapon Shop.
  3528 | D:4      | Reached skill level 4 in Fighting
  3528 | D:4      | Reached XP level 6. HP: 52/52 MP: 3/10
  3587 | D:4      | Reached skill level 5 in Conjurations
  3820 | D:4      | Reached skill level 5 in Fighting
  3820 | D:4      | Your scales start taking on a dull iron-grey colour.
  3820 | D:4      | Reached XP level 7. HP: 14/61 MP: 8/12
  3820 | D:4      | Gained mutation: You can survive without breathing. [Grey
                  | Draconian growth]
  4452 | D:4      | Found a shimmering altar of Xom.
  4676 | D:5      | Entered Level 5 of the Dungeon
  5066 | D:5      | Found a staircase to the Ecumenical Temple.
  5081 | Temple   | Entered the Ecumenical Temple
  5098 | Temple   | Became a worshipper of Warmaster Okawaru
  5802 | D:4      | Reached skill level 6 in Fighting
  6336 | D:5      | Found a staircase to the Ecumenical Temple.
  6437 | D:4      | Reached XP level 8. HP: 42/70 MP: 14/14
  6989 | D:6      | Noticed Sigmund
  7016 | D:6      | Killed Sigmund
  7127 | D:6      | Found a sacrificial altar of Ru.
  7183 | D:6      | Reached * piety under Okawaru
  7183 | D:6      | Reached skill level 1 in Polearms
  7307 | D:6      | Found a bloodstained altar of Trog.
  7321 | D:6      | HP: 1/71 [orc warrior/cursed -2 war axe (17)]
  7668 | D:6      | Reached skill level 7 in Fighting
  7749 | D:6      | Found an opulent altar of Gozag.
  7760 | D:6      | Found a radiant altar of Vehumet.
  8129 | D:6      | Found an ornate altar of the Wu Jian Council.
  8129 | D:6      | Found a burning altar of Makhleb.
  8130 | D:6      | Found a sparkling altar of Nemelex Xobeh.
  9107 | D:7      | Noticed Harold
  9127 | D:7      | HP: 3/73 [Harold/+0 glaive (15)]
  9128 | D:7      | Slain by Harold

Levels and vault maps discovered:
D:1:      minmay_arrival_checkered_box, layout_basic
D:2:      layout_loops_cross
D:3:      layout_loops_cross, first_ration
D:4:      layout_cave_pools, kennysheep_little_box, serial_shops, shop_statue
D:5:      layout_loops_ring, minmay_temple_entry_sparse_star
D:6:      layout_loops_ring, nicolae_gozag_cash_rules_everything_around_me,
          vehumet_crystals, gammafunk_temple_overflow_forgotten, basic_altar,
          trog_butcher_becter, uniq_sigmund
D:7:      layout_rooms, water_maze_lemuel, uniq_harold
Temple:   eino_temple_water

Skill      XL: |  1  2  3  4  5  6  7  8 |
---------------+-------------------------+-----
Fighting       | 1 2 3 4 5 6 7 |  7.4
Dodging        | 2 3 4 |  4.8
Spellcasting   | 3 4 |  4.7
Conjurations   | 5 6 |  6.2
Polearms       | 2 |  2.2
Stealth        | |  1.7

Action                   |  1- 3 |  4- 6 |  7- 9 || total
-------------------------+-------+-------+-------++-------
Melee: Unarmed           |     5 |       |       ||     5
       Dagger            |    43 |    42 |       ||    85
       Tailslap          |     7 |    18 |    42 ||    67
       Flail             |       |    98 |   204 ||   302
       Scythe            |       |       |   115 ||   115
       Halberd           |       |       |     6 ||     6
 Cast: Magic Dart        |    90 |    19 |    37 ||   146
       Confusing Touch   |     1 |     9 |    11 ||    21
  Use: Scroll            |     4 |       |     7 ||    11
 Stab: Sleeping          |     2 |     2 |     1 ||     5
       Confused          |       |     6 |     4 ||    10
       Distracted        |       |       |     1 ||     1
  Eat: Chunk             |     4 |     7 |    13 ||    24
       Ration            |       |       |     1 ||     1
Armor: Skin              |    11 |    43 |   182 ||   236
Dodge: Dodged            |    18 |   128 |   352 ||   498

Table legend:
 A = Non-vault XP
 B = Vault XP
 C = Vault XP percentage of total XP
 D = Non-vault monster count
 E = Vault monster count
 F = Vault count percentage of total count
                 A         B        C        D         E       F
            +---------+---------+-------+---------+---------+-------
      Total |    1946 |     459 |  19.1 |     128 |       5 |   3.8
            +---------+---------+-------+---------+---------+-------
        D:1 |      46 |       0 |   0.0 |      25 |       0 |   0.0
        D:2 |     139 |       0 |   0.0 |      23 |       0 |   0.0
        D:3 |      51 |       0 |   0.0 |      14 |       0 |   0.0
        D:4 |     836 |       0 |   0.0 |      26 |       0 |   0.0
        D:5 |     431 |       0 |   0.0 |      26 |       0 |   0.0
        D:6 |     274 |     459 |  62.6 |       8 |       5 |  38.5
        D:7 |     169 |       0 |   0.0 |       6 |       0 |   0.0
            +---------+---------+-------+---------+---------+-------
